 Dungeon Crawl Stone Soup version 0.21-a0-525-ga34b322 (webtiles) character file.

4799 Amnesiac the Archer (level 10, 0/77 HPs)
             Began as a Mummy Hunter on Dec 7, 2017.
             Was a Believer of Okawaru.
             Killed by divine providence
             ... invoked by an orc priest
              (16 damage)
             ... on level 8 of the Dungeon.
             The game lasted 00:18:03 (9966 turns).

Amnesiac the Archer (Mummy Hunter)                  Turns: 9966, Time: 00:18:03

Health: 0/77       AC: 13    Str: 19    XL:     10   Next: 24%
Magic:  10/10      EV:  8    Int: 10    God:    Okawaru [**....]
Gold:   388        SH:  0    Dex: 13    Spells: 9/9 levels left

rFire    . . .     SeeInvis .   b - +0 dagger (venom)
rCold    + . .     Gourm    .   (no shield)
rNeg     + + +     Faith    .   e - +0 plate armour
rPois    ∞         Spirit   .   x - +0 helmet
rElec    .         Reflect  .   o - scarf {repulsion}
rCorr    .         Harm     +   (no gloves)
MR       +....                  (no boots)
Stlth    ..........             w - amulet of harm
HPRegen  0.22/turn              C - ring of fire
MPRegen  0.12/turn              z - ring of protection from cold

@: repel missiles
A: no food or potions, fire vulnerability, cold resistance 1, negative energy
resistance 3, torment resistance, unbreathing
a: Heroism, Renounce Religion


You were on level 8 of the Dungeon.
You worshipped Okawaru.
Okawaru was pleased with you.
You were not hungry.

You visited 2 branches of the dungeon, and saw 9 of its levels.
You also visited: Ossuary.

You collected 388 gold pieces.

Inventory:

Hand Weapons
 a - a +1 shortbow
 b - a +0 dagger of venom (weapon)
 j - the +2 spear "Afigi" {freeze, rF+ Int+4 Dex-2}
   (You found it on level 5 of the Dungeon)

   It has been specially enchanted to freeze those struck by it, causing extra
   injury to most foes and up to half again as much damage against particularly
   susceptible opponents.
   It can also slow down cold-blooded creatures.
   It affects your intelligence (+4).
   It affects your dexterity (-2).
   It protects you from fire.
 q - a +0 dagger of electrocution
Missiles
 d - 131 arrows
 u - 13 poisoned needles
 v - 2 throwing nets (quivered)
 B - 6 curare-tipped needles
Armour
 e - a +0 plate armour (worn)
 o - a scarf of repulsion (worn)
 x - a +0 helmet (worn)
Jewellery
 l - an uncursed ring of stealth
 m - a +2 ring of intelligence
 w - an amulet of harm (around neck)
 z - a ring of protection from cold (right hand)
 C - a ring of fire (left hand)
Wands
 n - a wand of disintegration (9)
 r - a wand of random effects (32)
Scrolls
 c - 2 scrolls of enchant weapon {!r, unknown}
 f - 5 scrolls of teleportation {!r}
 g - 2 scrolls of enchant armour {!r, unknown}
 h - 3 scrolls of magic mapping {!r, unknown}
 i - 3 scrolls of blinking {!r, unknown}
 k - 2 scrolls of fog {!r, unknown}
 p - 3 scrolls of remove curse {!r}
 s - 2 scrolls of fear {!r}
 t - a scroll of vulnerability {!r}
 A - 3 scrolls of immolation {!r}
 D - a scroll of amnesia {!r}
Books
 E - a book of Flames

   Spells                             Type                      Level
   a - Flame Tongue                   Conjuration/Fire             1
   b - Throw Flame                    Conjuration/Fire             2
   c - Conjure Flame                  Conjuration/Fire             3
   d - Inner Flame                    Hexes/Fire                   3
   e - Sticky Flame                   Conjuration/Fire             4
   f - Fireball                       Conjuration/Fire             5


   Skills:
 + Level 6.9 Fighting
 * Level 8.7 Bows
 + Level 5.7 Armour
 + Level 5.7 Dodging
 - Level 0.7 Stealth
 + Level 0.5 Invocations


You had 9 spell levels left.
You didn't know any spells.

Dungeon Overview and Level Annotations

Branches:
Dungeon (8/15)             Temple (1/1) D:7
   Lair: D:8-11

Altars:
Ashenzari
Cheibriados
Dithmenos
Elyvilon
Fedhas
Gozag
Hepliaklqana
Kikubaaqudgha
Makhleb
Nemelex Xobeh
Okawaru
Qazlal
Ru
Sif Muna
Trog
Uskayaw
Vehumet
Wu Jian
Xom
Yredelemnul
Zin
The Shining One
Beogh

Shops:
D:5 (   D:6 :


Innate Abilities, Weirdness & Mutations

You do not eat or drink.
Your flesh is vulnerable to fire.
You are immune to poison.
Your flesh is cold resistant. (rC+)
You are immune to negative energy. (rN+++)
You are immune to unholy pain and torment.
You can survive without breathing.


Message History

There are monsters nearby!
You hit the orc.
The orc looks even sicker.
The orc is heavily wounded.
You hear a shout!
You kill the orc!
Okawaru accepts your kill.
You hit the orc but do no damage.
The orc is poisoned.
The orc hits you with a short sword.
You hit the orc.
The orc looks as sick as possible!
The orc is heavily wounded.
You kill the orc!
No target in view!
An orc comes into view.
The orc shouts!
Items here: $ )) †† a short sword; 14 gold pieces; a flail; an orc corpse x2 3 orcs, an orc warrior and an orc priest come into view.
The orc shouts! x2; The orc priest shouts!
The orc warrior shouts!
The orc shouts!
The orc moves out of view.
The orc priest moves out of view.
An orc comes into view. It is wielding a club.
The orc shouts!
The orc barely misses you.
Found a roughly hewn altar of Beogh.
There are monsters nearby!
You hit the orc.
The orc is poisoned.
The orc is lightly wounded.
The orc hits you but does no damage.
There are monsters nearby!
You hit the orc.
The orc looks as sick as possible!
The orc is moderately wounded.
The orc hits you but does no damage.
The orc priest calls upon Beogh to heal the orc.
The orc's wounds heal themselves!
The orc moves out of view.
You kill the orc!
Okawaru accepts your kill.
Items here: $ )) †† a short sword; 14 gold pieces; a flail; an orc corpse x2
You hit the orc priest.
The orc priest is poisoned.
The orc priest is lightly wounded.
The orc priest casts a cantrip, but nothing happens.
You hit the orc priest.
The orc priest is heavily wounded.
The orc priest hits you with a hand axe.
You hit the orc priest but do no damage.
The orc priest is severely wounded.
You closely miss the orc warrior.
The orc priest looks encouraged for a moment.
The orc warrior barely misses you.
Your plate armour prevents you from hitting the orc warrior.
You barely miss the orc warrior.
The orc warrior hits you with a hand axe!
You closely miss the orc warrior.
The orc warrior hits you but does no damage.
The orc priest calls down the wrath of Beogh upon you.
Beogh smites you!
* * * LOW HITPOINT WARNING * * *
Your plate armour prevents you from hitting the orc warrior.
The orc warrior hits you with a hand axe!
* * * LOW HITPOINT WARNING * * *
The orc priest calls down the wrath of Beogh upon you.
Beogh smites you!
You die...

#.##.#####......#
#(##.####..#'#..#
######..........'_'..############
................#)#....>...).....
######.).).........)......#####.#
......)#.#.#####...)........#
.......#(#.# ##†#.#####.#.#
.......#.#.######[#[#####.#.#
.......#.#.#..oo@.......#.# #
...)####.#.###o####.....#.#
....## #.#.#..o. #.....#.# .....#
#.#.#..._. #####.#.# ...#.# #..
#...... .# ...#.##### #......# #
........ #......# ........
#......# #####.##


You could see an orc warrior, an orc priest and an orc.

Vanquished Creatures
  A two-headed ogre (D:8)
  2 hippogriffs
  Sigmund (D:4)
  Duvessa (D:4)
  2 orc warriors
  A black bear (D:7)
  2 sky beasts
  A necrophage (D:5)
  3 ogres
  3 phantoms
  3 centaurs
  2 bullfrogs
  Dowan (D:4)
  6 scorpions (Ossuary)
  5 killer bees (D:8)
  An electric eel (D:8)
  3 howler monkeys (D:8)
  3 centaur zombies
  2 crimson imps
  A jelly (D:8)
  7 orc priests
  2 bullfrog skeletons (D:6)
  5 hounds
  6 orc wizards
  Ijyb (D:3)
  Natasha (thrice) (D:4 D:7)
  An iguana (D:4)
  4 worker ants
  2 big kobold zombies (Ossuary)
  2 hound skeletons
  3 mummies (Ossuary)
  A howler monkey skeleton (D:4)
  7 adders
  A scorpion zombie (Ossuary)
  2 shadow imps
  2 worms (D:2)
  4 dart slugs
  6 leopard geckos
  56 orcs
  3 ball pythons
  9 giant cockroaches
  2 gnoll zombies (Ossuary)
  10 goblins
  6 hobgoblins
  12 jackals
  10 kobolds
  A quokka (D:4)
  7 bats
  4 frilled lizards
  A goblin zombie (Ossuary)
  A hobgoblin zombie (Ossuary)
  A jackal skeleton (D:4)
  6 kobold zombies (Ossuary)
  A leopard gecko skeleton (D:4)
  A leopard gecko zombie (D:5)
  An orc zombie (Ossuary)
  6 rats
241 creatures vanquished.

Vanquished Creatures (others)
  An adder (D:8)
1 creature vanquished.

Grand Total: 242 creatures vanquished

Notes
Turn   | Place    | Note
-------+----------+-------------------------------------------
     0 | D:1      | Amnesiac the Mummy Hunter began the quest for the Orb.
     0 | D:1      | Reached XP level 1. HP: 16/16 MP: 1/1
    75 | D:1      | Reached skill level 1 in Armour
    87 | D:1      | Reached XP level 2. HP: 21/22 MP: 2/2
   721 | D:2      | Reached XP level 3. HP: 27/27 MP: 3/3
  1493 | D:3      | Reached XP level 4. HP: 30/34 MP: 4/4
  1676 | D:3      | Noticed Ijyb
  1916 | D:3      | Killed Ijyb
  1995 | D:3      | Reached skill level 4 in Bows
  2130 | D:3      | Reached XP level 5. HP: 39/39 MP: 5/5
  2914 | D:4      | Noticed an ogre
  2919 | D:4      | Killed an ogre
  2919 | D:4      | Reached XP level 6. HP: 47/47 MP: 6/6
  2985 | D:4      | Noticed Natasha
  2988 | D:4      | Killed Natasha
  3006 | D:4      | Noticed Duvessa
  3006 | D:4      | Noticed Dowan
  3023 | D:4      | Killed Duvessa
  3028 | D:4      | Killed Dowan
  3228 | D:4      | Reached skill level 5 in Bows
  3228 | D:4      | Reached XP level 7. HP: 37/53 MP: 7/7
  3279 | D:4      | Noticed a hippogriff
  3503 | D:4      | Killed a hippogriff
  3635 | D:4      | Noticed Natasha
  3650 | D:4      | Killed Natasha
  3659 | D:4      | Noticed Sigmund
  3911 | D:4      | Killed Sigmund
  3911 | D:4      | Reached XP level 8. HP: 57/61 MP: 8/8
  3981 | D:4      | Found a burning altar of Makhleb.
  3984 | D:4      | Found a shimmering altar of Xom.
  3984 | D:4      | Found a sacrificial altar of Ru.
  3990 | D:4      | Found a snail-covered altar of Cheibriados.
  3990 | D:4      | Found an ancient bone altar of Kikubaaqudgha.
  4299 | D:5      | Entered Level 5 of the Dungeon
  4343 | D:5      | Reached skill level 6 in Bows
  4747 | D:5      | Found a shadowy altar of Dithmenos.
  4847 | D:5      | Found Puts's Weapon Emporium.
  5300 | D:5      | Got a fine spear
  5395 | D:5      | Reached skill level 5 in Fighting
  5447 | D:5      | Identified the +2 spear "Afigi" {freeze, rF+ Int+4 Dex-2} (You found it on level 5 of the Dungeon)
  6346 | D:6      | Reached skill level 7 in Bows
  6346 | D:6      | Reached XP level 9. HP: 50/68 MP: 9/9
  6641 | D:6      | Found Hasmeser's Book Shop.
  7047 | D:7      | Found a staircase to the Ecumenical Temple.
  7087 | D:7      | Noticed Natasha
  7101 | Temple   | Entered the Ecumenical Temple
  7121 | Temple   | Became a worshipper of Warmaster Okawaru
  7145 | D:7      | Killed Natasha
  7437 | D:6      | Found a hide-covered altar of Uskayaw.
  7504 | D:7      | Found a sand-covered staircase.
  7508 | Ossuary  | Entered an ossuary
  7621 | Ossuary  | Reached skill level 5 in Dodging
  7661 | Ossuary  | Reached skill level 5 in Armour
  8140 | D:8      | Reached * piety under Okawaru
  8140 | D:8      | Reached skill level 8 in Bows
  8995 | D:8      | Found a stormy altar of Qazlal.
  9288 | D:8      | Reached XP level 10. HP: 22/77 MP: 10/10
  9532 | D:8      | Noticed a two-headed ogre
  9641 | D:8      | Killed a two-headed ogre
  9641 | D:8      | Reached ** piety under Okawaru
  9742 | D:8      | Found a glowing silver altar of Zin.
  9954 | D:8      | Found a roughly hewn altar of Beogh.
  9966 | D:8      | Killed from afar by an orc priest

Vault maps used:
D:1:      dpeg_arrival_rooms_c
D:3:      uniq_ijyb
D:4:      minmay_overflow_temple_star_hex, uniq_duvessa, uniq_sigmund,
          uniq_natasha
D:5:      corexii_shack_village, nicolae_dithmenos_through_a_glass_darkly,
          serial_shops, shop, first_bread
D:6:      lemuel_upstairs_altar, serial_shops, shop
D:7:      minmay_temple_entry_nine_rooms, enter_ossuary_5
D:8:      kennysheep_mini_moat, overflow_temple_1_default, special_room
Temple:   eino_temple_lava
Ossuary:  ossuary_minmay_scorpions

Skill      XL: |  1  2  3  4  5  6  7  8  9 |
---------------+----------------------------+-----
Armour         | 1 2 3 4 5 |  5.7
Dodging        | 2 3 4 5 |  5.7
Bows           | 4 5 7 8 |  8.7
Fighting       | 3 4 5 6 |  6.9
Stealth        | |  0.7
Invocations    | |  0.5

Action                   |  1- 3 |  4- 6 |  7- 9 | 10-12 || total
-------------------------+-------+-------+-------+-------++-------
Melee: Short sword       |    30 |       |       |       ||    30
       Dagger            |    53 |   124 |   600 |    96 ||   873
       Spear             |       |       |    12 |       ||    12
 Fire: Shortbow          |    18 |    52 |   110 |    16 ||   196
Invok: Heroism           |       |       |     1 |     1 ||     2
  Use: Scroll            |       |       |       |     6 ||     6
 Stab: Sleeping          |     1 |     1 |     1 |       ||     3
Armor: Leather armour    |    18 |       |       |       ||    18
       Ring mail         |    13 |    42 |   156 |     5 ||   216
       Chain mail        |       |       |    13 |       ||    13
       Plate armour      |       |       |       |    64 ||    64
Dodge: Dodged            |    61 |    73 |   425 |    70 ||   629
       Deflected         |       |     1 |     6 |     1 ||     8

Table legend:
 A = Spawn XP
 B = Non-spawn XP
 C = Spawn XP percentage of total XP
 D = Spawn monster count
 E = Non-spawn monster count
 F = Spawn count percentage of total count
 G = Total turns spent on level
                    A         B        C        D         E        F      G
               +---------+---------+-------+---------+---------+-------+---------
         Total |       0 |    6857 |   0.0 |       0 |     241 |   0.0 |  9966
               +---------+---------+-------+---------+---------+-------+---------
           D:1 |       0 |      34 |   0.0 |       0 |      20 |   0.0 |   599
           D:2 |       0 |      40 |   0.0 |       0 |      11 |   0.0 |   999
           D:3 |       0 |     132 |   0.0 |       0 |      32 |   0.0 |  1578
           D:4 |       0 |    1306 |   0.0 |       0 |      30 |   0.0 |  1486
           D:5 |       0 |     878 |   0.0 |       0 |      35 |   0.0 |  1591
           D:6 |       0 |    1134 |   0.0 |       0 |      29 |   0.0 |   967
           D:7 |       0 |     791 |   0.0 |       0 |      20 |   0.0 |  1063
           D:8 |       0 |    1899 |   0.0 |       0 |      39 |   0.0 |  1244
       Ossuary |       0 |     643 |   0.0 |       0 |      25 |   0.0 |   408
               +---------+---------+-------+---------+---------+-------+---------
